Map: [ESL] Hard Lead

Players

Harstem

  • Race: Protoss Protoss
  • League: Grandmaster
  • Spawn Location: 5:00

LiquidClem (Clem) - Winner!

  • Race: Terran Terran
  • League: Grandmaster
  • Spawn Location: 11:00

VOD

Have the link to the VOD?

Description

Time

  • Played on: Nov. 25, 2023, 10:23 a.m.
  • Length: 16:51
Show
View Real Time Build Order
Export as new Build Order

Harstem Protoss 

Build Orders: 1 Gate Expand, Oracle Opening, Phoenix Opening 

Get SALT Encoding   

  12  0:00  Probe  
  13  0:12  Probe  
  14  0:18  Pylon  
  14  0:24  Probe  
  15  0:36  Probe (Chrono Boost)  
  15  0:41  Gateway  
  16  0:46  Probe (Chrono Boost)  
  17  0:51  Assimilator, Probe (Chrono Boost)  
  18  1:03  Probe  
  19  1:19  Nexus  
  19  1:28  Cybernetics Core  
  19  1:31  Probe  
  20  1:38  Assimilator  
  20  1:44  Probe  
  21  1:47  Pylon  
  21  1:56  Probe  
  22  2:02  Adept (Chrono Boost)  
  22  2:08  Probe (Chrono Boost)  
  25  2:18  Probe (Chrono Boost)  
  25  2:19  Stargate  
  26  2:23  Probe (Chrono Boost)  
  26  2:25  Adept  
  29  2:36  Probe (Chrono Boost)  
  29  2:39  Probe (Chrono Boost)  
  29  2:41  Warp Gate  
  30  2:50  Probe (Chrono Boost)  
  32  2:51  Probe (Chrono Boost)  
  32  2:55  Probe (Chrono Boost)  
  33  2:58  Probe  
  33  3:04  Oracle (Chrono Boost)  
  33  3:05  Probe  
  38  3:10  Probe, Pylon  
  39  3:19  Probe  
  40  3:22  Probe  
  41  3:31  Probe  
  41  3:34  Phoenix  
  42  3:37  Nexus  
  42  3:39  Probe  
  45  3:44  Gateway  
  45  3:46  Probe  
  46  3:53  Probe  
  44  3:58  Probe  
  44  4:05  Probe  
  45  4:11  Twilight Council, Pylon  
  45  4:12  Probe (Chrono Boost)  
  46  4:18  Probe (Chrono Boost)  
  46  4:22  Shield Battery  
  46  4:23  Assimilator  
  48  4:25  Forge  
  48  4:28  Probe x2 (Chrono Boost)  
  49  4:31  Stalker  
  49  4:32  Probe (Chrono Boost)  
  49  4:34  Probe  
  53  4:47  Stalker  
  53  4:48  Charge, Probe  
  53  4:52  Probe  
  53  4:58  Stalker  
  53  4:59  Probe (Chrono Boost)  
  52  5:00  Phoenix (Chrono Boost), Protoss Ground Weapons Level 1 (Chrono Boost)  
  52  5:03  Probe (Chrono Boost)  
  52  5:05  Probe (Chrono Boost)  
  56  5:11  Probe (Chrono Boost)  
  58  5:15  Gateway  
  58  5:16  Gateway, Probe x2 (Chrono Boost)  
  58  5:17  Gateway  
  58  5:18  Probe (Chrono Boost)  
  60  5:23  Pylon  
  60  5:24  Sentry  
  60  5:26  Probe x2  
  60  5:28  Probe  
  65  5:36  Gateway  
  65  5:37  Robotics Facility  
  65  5:38  Probe  
  65  5:42  Probe  
  67  5:44  Probe  
  67  5:48  Gateway  
  67  5:49  Gateway  
  68  5:52  Probe  
  68  5:54  Assimilator  
  68  5:56  Zealot, Sentry  
  73  5:57  Probe  
  73  5:58  Probe  
  73  6:03  Pylon  
  75  6:05  Pylon  
  75  6:08  Pylon  
  75  6:10  Zealot x2  
  79  6:18  Zealot x2  
  79  6:19  Zealot  
  79  6:21  Probe  
  79  6:22  Pylon  
  79  6:23  Warp Prism (Chrono Boost)  
  88  6:32  Robotics Bay  
  88  6:35  Probe  
  88  6:37  Pylon  
  88  6:38  Zealot x3  
  90  6:46  Zealot x3, Sentry  
  98  6:52  Zealot  
  100  6:54  Protoss Ground Weapons Level 2 (Chrono Boost)  
  100  6:55  Immortal (Chrono Boost)  
  100  7:00  Pylon  
  104  7:02  Zealot  
  106  7:09  Zealot x3  
  112  7:19  Zealot x4  
  120  7:26  Colossus (Chrono Boost)  
  126  7:31  Pylon  
  126  7:34  Nexus  
  125  7:45  Probe  
  125  7:49  Stalker x5  
  134  7:54  Pylon  
  128  8:11  Zealot x3, Colossus (Chrono Boost)  
  134  8:13  Probe  
  135  8:23  Probe  
  135  8:25  Probe  
  135  8:27  Blink (Chrono Boost)  
  135  8:29  Extended Thermal Lance (Chrono Boost)  
  135  8:34  Probe  
  136  8:37  Probe  
  135  8:43  Photon Cannon  
  135  8:45  Forge  
  135  8:50  Probe  
  135  8:51  Sentry, Probe  
  135  8:52  Stalker x4  
  135  8:54  Photon Cannon  
  135  8:55  Shield Battery  
  145  8:57  Probe x2  
  145  8:59  Photon Cannon  
  147  9:06  Observer (Chrono Boost)  
  147  9:12  Stalker x2  
  137  9:21  Zealot x6  
  139  9:28  Colossus (Chrono Boost)  
  137  9:38  Zealot x2  
  141  9:43  Probe  
  138  9:45  Stalker x2  
  138  9:46  Stalker, Zealot x3  
  138  9:52  Protoss Ground Armor Level 1 (Chrono Boost), Probe  
  151  9:55  Photon Cannon  
  151  9:56  Probe  
  151  9:58  Probe  
  154  10:00  Assimilator, Probe  
  154  10:01  Assimilator  
  154  10:02  Assimilator, Pylon  
  154  10:04  Pylon  
  154  10:06  Observer  
  154  10:07  Gateway  
  154  10:10  Gateway  
  154  10:13  Stalker, Zealot x3  
  162  10:19  Probe  
  161  10:26  Observer  
  161  10:27  Protoss Ground Weapons Level 3 (Chrono Boost)  
  161  10:29  Gravitic Drive  
  161  10:30  Probe  
  161  10:33  Probe  
  161  10:34  Gateway, Probe  
  164  10:35  Gateway  
  164  10:39  Disruptor (Chrono Boost)  
  168  10:42  Observer  
  168  10:47  Nexus  
  168  10:49  Pylon  
  168  10:56  Zealot, Stalker x5  
  180  11:00  Pylon x2  
  180  11:04  Pylon  
  180  11:09  Disruptor (Chrono Boost)  
  179  11:15  Robotics Facility  
  183  11:20  Pylon  
  183  11:23  Robotics Facility  
  181  11:35  Disruptor (Chrono Boost), Nexus, Stalker x2  
  181  11:36  Stalker  
  181  11:38  Pylon  
  181  11:39  Pylon  
  190  11:42  Shield Battery  
  190  11:45  Pylon  
  188  11:59  Warp Prism (Chrono Boost)  
  184  12:05  Disruptor (Chrono Boost)  
  186  12:09  Protoss Ground Armor Level 2 (Chrono Boost)  
  186  12:15  Zealot x6  
  195  12:18  Observer (Chrono Boost)  
  195  12:21  Probe  
  198  12:23  Dark Shrine  
  198  12:26  Photon Cannon x2  
  198  12:28  Photon Cannon  
  198  12:29  Shield Battery  
  192  12:34  Disruptor (Chrono Boost)  
  160  12:38  Disruptor (Chrono Boost)  
  160  12:39  Zealot x12  
  160  12:41  Disruptor (Chrono Boost)  
  161  12:56  Gravitic Boosters (Chrono Boost)  
  159  13:04  Probe x2  
  159  13:05  Probe, Pylon  
  166  13:09  Assimilator  
  166  13:10  Disruptor (Chrono Boost), Pylon  
  166  13:11  Observer (Chrono Boost)  
  169  13:16  Warp Prism (Chrono Boost)  
  169  13:18  Probe  
  170  13:26  Stalker x2, Observer (Chrono Boost), Zealot x7  
  187  13:42  Stalker x2  
  187  13:43  Stalker  
  181  13:50  Stalker x7  
  179  14:14  Stalker x10  
  189  14:20  Disruptor x2  
  179  14:27  Shadow Stride (Chrono Boost)  
  171  14:31  Zealot x2  
  169  14:53  Zealot x7  
  169  14:54  Zealot x4, Dark Templar  
  183  15:03  Disruptor  
  169  15:09  Disruptor  
  169  15:11  Observer  
  160  15:20  Zealot x11  
  174  15:29  Disruptor  
  174  15:34  Stalker  
  178  15:42  Observer  
  178  15:43  Stalker x4  
  183  15:55  Stalker x4  
  186  16:04  Zealot x4  
  155  16:23  Zealot x4  
  155  16:24  Zealot x4  
  155  16:25  Probe  
  138  16:33  Zealot x4  
Show
View Real Time Build Order
Export as new Build Order

LiquidClem Terran - Winner!

Build Orders: Reaper Expand 

Get SALT Encoding   

  12  0:00  SCV  
  13  0:12  SCV  
  14  0:17  Supply Depot  
  14  0:24  SCV  
  15  0:38  SCV  
  15  0:40  Barracks  
  16  0:43  Refinery  
  16  0:50  SCV  
  17  1:02  SCV  
  18  1:15  SCV  
  19  1:26  Reaper  
  19  1:27  Orbital Command  
  20  1:37  Command Center  
  20  1:47  Supply Depot  
  20  1:52  SCV  
  21  1:58  Marine  
  22  2:04  SCV  
  23  2:12  Factory  
  23  2:16  SCV  
  23  2:18  Refinery  
  23  2:21  Barracks Reactor  
  24  2:28  SCV  
  25  2:40  SCV  
  26  2:49  Orbital Command  
  26  2:53  SCV  
  26  2:57  Starport  
  27  3:05  SCV  
  28  3:06  Hellion x2  
  28  3:08  Marine  
  28  3:09  Supply Depot  
  33  3:14  SCV  
  33  3:17  SCV  
  35  3:26  SCV  
  36  3:28  Cyclone x2  
  36  3:29  SCV  
  36  3:33  Medivac  
  43  3:35  Supply Depot  
  43  3:38  SCV  
  43  3:39  Barracks Tech Lab  
  45  3:41  SCV  
  45  3:50  SCV  
  45  3:53  SCV  
  38  4:02  SCV  
  38  4:05  SCV, Command Center  
  39  4:11  Viking  
  39  4:15  SCV, Cyclone  
  44  4:17  SCV  
  44  4:22  Cyclone  
  47  4:25  Stimpack  
  47  4:27  SCV  
  47  4:29  SCV, Marine  
  50  4:35  Barracks  
  50  4:39  SCV  
  50  4:41  SCV  
  52  4:47  Marine  
  52  4:50  Barracks  
  52  4:51  SCV  
  54  4:54  SCV  
  55  5:01  Supply Depot  
  55  5:04  SCV  
  55  5:05  Marine, Refinery  
  55  5:06  SCV, Starport Reactor  
  58  5:11  Engineering Bay, Factory Tech Lab  
  58  5:12  Engineering Bay  
  58  5:16  SCV  
  58  5:17  Orbital Command  
  58  5:18  SCV  
  60  5:23  Marine, Refinery  
  60  5:28  Supply Depot, SCV  
  62  5:30  SCV  
  62  5:34  Marine x2, Factory Reactor  
  65  5:38  Terran Infantry Weapons Level 1, Terran Infantry Armor Level 1  
  65  5:40  SCV  
  65  5:42  Missile Turret  
  66  5:44  Missile Turret  
  66  5:46  SCV  
  66  5:48  Combat Shield  
  66  5:49  Orbital Command  
  67  5:52  Marauder  
  67  5:53  SCV  
  67  5:55  Marine, Marauder  
  73  5:57  Marine  
  73  6:01  SCV  
  73  6:03  Medivac  
  77  6:05  Supply Depot  
  77  6:08  SCV  
  77  6:09  Medivac  
  80  6:12  Marine  
  80  6:13  SCV, Marine  
  80  6:15  SCV, Marine  
  80  6:17  Widow Mine  
  80  6:18  Widow Mine  
  89  6:20  SCV, Marauder  
  89  6:22  Supply Depot  
  92  6:27  Missile Turret  
  92  6:28  SCV  
  92  6:29  Supply Depot, SCV  
  92  6:32  SCV, Marine  
  96  6:33  Marine  
  96  6:36  Marauder  
  99  6:40  SCV  
  99  6:41  SCV  
  99  6:44  Marauder  
  99  6:46  Barracks  
  104  6:47  SCV, Barracks  
  104  6:51  Marine  
  104  6:53  Widow Mine x2  
  109  6:55  Supply Depot  
  109  6:56  Armory  
  109  6:57  SCV x2  
  109  7:00  Marine  
  109  7:01  Refinery  
  112  7:03  SCV, Marauder  
  110  7:09  SCV  
  110  7:10  Marauder  
  110  7:11  SCV  
  110  7:14  Widow Mine x2  
  110  7:15  SCV  
  116  7:21  SCV  
  117  7:23  SCV, Marine  
  117  7:26  Supply Depot  
  117  7:27  SCV  
  120  7:33  SCV, Bunker  
  120  7:35  SCV  
  120  7:36  Widow Mine x2  
  125  7:40  Barracks Tech Lab, Barracks Reactor  
  125  7:44  Supply Depot  
  125  7:45  Terran Infantry Weapons Level 2  
  125  7:47  Supply Depot, SCV x3  
  125  7:48  Supply Depot, Terran Infantry Armor Level 2  
  125  7:49  Marine  
  125  7:50  Marine  
  130  7:51  Marine  
  130  7:54  Marauder  
  131  7:59  Marauder  
  131  8:03  SCV x2  
  131  8:04  SCV  
  133  8:07  Marine  
  133  8:08  Marine  
  133  8:10  Marauder  
  135  8:15  SCV x2, Marine  
  135  8:16  SCV  
  135  8:19  Marine  
  136  8:20  Marine  
  136  8:23  Viking  
  136  8:25  Marine  
  136  8:26  Marine  
  141  8:27  SCV  
  141  8:28  SCV  
  141  8:29  Marine  
  141  8:30  Widow Mine x2  
  141  8:32  Ghost Academy  
  150  8:34  Supply Depot, Marauder  
  150  8:35  Supply Depot, SCV, Refinery  
  150  8:40  Marauder x2  
  154  8:44  Marine x2  
  154  8:46  Command Center  
  156  8:48  Marine  
  156  8:55  Marine x2  
  157  8:59  Widow Mine x2  
  157  9:00  Supply Depot  
  163  9:03  Ghost  
  163  9:04  Marine x2, Ghost  
  163  9:06  Supply Depot  
  163  9:08  Marine  
  163  9:09  Supply Depot  
  170  9:11  Medivac  
  170  9:13  Marine, Medivac  
  170  9:16  Ghost  
  163  9:24  Marine  
  163  9:26  Marine  
  163  9:27  Barracks x2  
  163  9:28  Barracks  
  163  9:29  Concussive Shells  
  162  9:37  Marine  
  163  9:41  Ghost, Viking  
  159  9:47  Marine  
  159  9:48  Marine x2  
  159  9:50  Viking  
  154  9:55  Ghost  
  154  9:56  SCV x2  
  154  9:57  SCV  
  159  10:00  Starport, Missile Turret  
  159  10:01  Marine, Sensor Tower  
  159  10:04  Marauder  
  162  10:08  SCV  
  162  10:09  SCV x2  
  162  10:11  Refinery, Marauder  
  167  10:17  Barracks Tech Lab x2, Missile Turret  
  167  10:18  Barracks Tech Lab  
  167  10:19  Viking  
  167  10:21  SCV  
  170  10:24  Marauder  
  170  10:25  Marauder  
  170  10:28  Refinery  
  171  10:31  Terran Infantry Weapons Level 3  
  171  10:32  SCV, Marauder  
  174  10:37  Marauder  
  174  10:38  Marauder x2  
  174  10:40  Command Center  
  180  10:43  Missile Turret  
  180  10:46  Planetary Fortress, Marauder  
  182  10:51  Viking  
  182  10:57  Missile Turret, Command Center  
  184  10:58  Viking  
  184  11:01  Missile Turret  
  183  11:07  Terran Infantry Armor Level 3  
  183  11:08  Marauder  
  183  11:10  Marauder  
  187  11:13  Terran Ship Weapons Level 1  
  187  11:14  Marine  
  187  11:15  Marine  
  189  11:21  Marine x2, Viking x2  
  189  11:22  Marauder  
  195  11:26  Viking  
  195  11:31  Marauder  
  199  11:40  Fusion Core, Command Center  
  199  11:45  Command Center  
  199  11:51  Sensor Tower  
  199  12:01  Marine  
  200  12:03  Marine  
  200  12:06  SCV x2, Missile Turret, Sensor Tower  
  200  12:07  SCV  
  200  12:08  SCV  
  199  12:16  Orbital Command  
  199  12:17  Bunker  
  199  12:20  Marine  
  200  12:26  Missile Turret  
  200  12:27  Missile Turret  
  200  12:28  Medivac  
  194  12:30  Marine  
  194  12:31  Marauder x2  
  194  12:34  Medivac  
  194  12:35  Marine  
  197  12:37  Marauder x2  
  197  12:38  Medivac  
  197  12:41  Starport  
  197  12:44  Refinery  
  199  12:45  Refinery, Command Center  
  199  12:47  Ghost  
  199  12:48  Marine  
  199  12:50  Marine x2  
  199  12:51  Liberator  
  186  12:58  Liberator  
  189  12:59  Orbital Command x2  
  189  13:00  Missile Turret  
  189  13:02  SCV  
  190  13:07  Liberator  
  190  13:08  Ghost  
  190  13:12  Liberator  
  198  13:14  Terran Ship Weapons Level 2  
  198  13:19  Starport Reactor  
  197  13:21  Planetary Fortress  
  197  13:24  Advanced Ballistics  
  197  13:28  Missile Turret  
  197  13:33  Liberator  
  200  13:45  Liberator, Ghost  
  200  13:46  Marine x2  
  198  13:48  Marine  
  198  13:49  Marine  
  199  13:56  Marine  
  194  14:07  Liberator  
  194  14:08  Liberator  
  194  14:09  Command Center  
  200  14:14  Ghost, Marauder  
  200  14:15  Marine x3, Liberator  
  197  14:18  Marine, Ghost  
  197  14:20  Marine x2  
  197  14:21  Liberator, Medivac  
  197  14:22  Marauder  
  193  14:27  Liberator  
  194  14:33  Marine x2  
  194  14:35  Ghost  
  194  14:36  Caduceus Reactor  
  194  14:37  Ghost  
  198  14:42  Marine  
  191  14:47  Marauder  
  191  14:48  Missile Turret  
  191  14:49  Liberator  
  191  14:50  Liberator  
  199  14:55  Marauder  
  194  15:07  Marauder  
  194  15:09  Liberator  
  194  15:11  Marine  
  186  15:15  Liberator  
  186  15:16  Marine x3, Marauder x3  
  186  15:17  Marine  
  186  15:18  Liberator  
  186  15:19  Marauder  
  196  15:28  Orbital Command, Marine x2  
  196  15:30  Planetary Fortress  
  196  15:34  Marine x2  
  200  15:41  Ghost  
  200  15:42  Liberator  
  192  15:44  Marine, Ghost x2  
  192  15:49  Ghost  
  193  15:55  Liberator  
  193  15:56  Marauder  
  199  16:04  Marine, Marauder  
  197  16:13  Marine x2  
  197  16:14  Marine  
  197  16:16  Marauder x2  
  183  16:20  Marauder  
  183  16:21  Marine x2  
  183  16:25  Marine  
  176  16:26  Marine  
  176  16:31  Marine x2  
  184  16:36  Refinery  
  184  16:37  Refinery  
Tags
 
Add a new tag
Caveats
  • Supply blocks, unpowered buildings, or Contaminate may cause inaccurate times.
  • Supply counts are checked every 10 seconds.